 Dungeon Crawl Stone Soup version 0.20.1-1-g8b1a95d (webtiles) character file.

4634 Lysie the Blocker (level 10, -3/77 HPs)
             Began as a Minotaur Fighter on Aug 31, 2017.
             Was a Believer of Okawaru.
             Splashed by a brown ugly thing's acid (5 damage)
             ... on level 8 of the Dungeon.
             The game lasted 00:22:57 (6990 turns).

Lysie the Blocker (Minotaur Fighter)                Turns: 6990, Time: 00:22:57

Health: -3/77      AC:  6    Str: 23    XL:     10   Next: 20%
Magic:  9/9        EV: 12    Int:  5    God:    Okawaru [**....]
Gold:   532        SH: 13    Dex: 11    Spells: 9/9 levels left

rFire    . . .     SeeInvis .   a - +0 war axe
rCold    . . .     Gourm    +   c - +0 shield
rNeg     . . .     Faith    .   b - +0 scale mail
rPois    .         Spirit   .   (helmet restricted)
rElec    .         Reflect  .   (no cloak)
rCorr    .         Harm     .   (no gloves)
MR       +....                  (no boots)
Stlth    ..........             t - amulet of the gourmand
Regen    0.3/turn               k - ring of protection from magic
MPRegen  0.2/turn               (no ring)

@: no status effects
A: retaliatory headbutt, horns 2
a: Heroism, Renounce Religion


You were on level 8 of the Dungeon.
You worshipped Okawaru.
Okawaru was pleased with you.
You were not hungry.

You visited 2 branches of the dungeon, and saw 9 of its levels.

You collected 532 gold pieces.

Inventory:

Hand Weapons
 a - a +0 war axe (weapon)
 g - a cursed -2 hand crossbow
Missiles
 q - 5 javelins (quivered)
 x - 5 tomahawks
Armour
 b - a +0 scale mail (worn)
 c - a +0 shield (worn)
 s - a +0 large shield
Jewellery
 k - a ring of protection from magic (left hand)
 p - an uncursed amulet of guardian spirit
 t - an amulet of the gourmand (around neck)
Wands
 y - a wand of confusion (10/48)
 B - a wand of iceblast (2/15)
 H - a wand of random effects (22/48)
Scrolls
 e - 3 scrolls of recharging
 f - a scroll of enchant weapon {unknown}
 h - 3 scrolls of teleportation
 n - 4 scrolls of remove curse
 u - a scroll of identify
 D - a scroll of enchant armour {unknown}
 E - a scroll of holy word {unknown}
 I - a scroll of blinking {unknown}
Potions
 d - a potion of berserk rage
 i - a potion of magic
 l - 2 potions of lignification
 m - a potion of degeneration {unknown}
 o - 2 potions of mutation
 r - a potion of agility {unknown}
 v - a potion of ambrosia {unknown}
 w - 2 potions of heal wounds
 z - a potion of curing {unknown}
 A - a potion of might
 C - a potion of haste
 F - a potion of flight {unknown}
Books
 j - a book of Necromancy

   Spells                             Type                      Level
   a - Pain                           Necromancy                   1
   b - Animate Skeleton               Necromancy                   1
   c - Vampiric Draining              Necromancy                   3
   d - Regeneration                   Charms/Necromancy            3
   e - Animate Dead                   Necromancy                   4
   f - Control Undead                 Necromancy                   4
 G - a book of Misfortune

   Spells                             Type                      Level
   a - Confusing Touch                Hexes                        1
   b - Confuse                        Hexes                        3
   c - Gell's Gravitas                Translocation                3
   d - Petrify                        Transmutation/Earth          4
   e - Metabolic Englaciation         Hexes/Ice                    5
   f - Yara's Violent Unravelling     Hexes/Transmutation          5


   Skills:
 - Level 3.6 Fighting
 - Level 9.0 Axes
 - Level 3.6 Armour
 + Level 6.6 Dodging
 * Level 13.7 Shields


You had 9 spell levels left.
You didn't know any spells.

Dungeon Overview and Level Annotations

Branches:
Dungeon (8/15)             Temple (1/1) D:7
   Lair: D:8-11

Altars:
Ashenzari
Cheibriados
Dithmenos
Elyvilon
Fedhas
Gozag
Hepliaklqana
Kikubaaqudgha
Makhleb
Nemelex Xobeh
Okawaru
Qazlal
Ru
Trog
Uskayaw
Vehumet
Xom
Yredelemnul
Zin
The Shining One
Beogh

Annotations:
D:4 Natasha


Innate Abilities, Weirdness & Mutations

You reflexively headbutt those who attack you in melee.
You have a pair of horns on your head.


Message History

You slash the brown ugly thing! You headbutt the brown ugly thing!
The brown ugly thing is almost dead.
The brown ugly thing trunk-slaps you.
You are splashed with acid!
The acid burns!
* * * LOW HITPOINT WARNING * * *
You hit the brown ugly thing.
The brown ugly thing is almost dead.
The brown ugly thing misses you.
You hit the brown ugly thing but do no damage.
The brown ugly thing is almost dead.
The brown ugly thing trunk-slaps you.
* * * LOW HITPOINT WARNING * * *
You are splashed with acid!
The acid burns!
* * * LOW HITPOINT WARNING * * *
You hit the brown ugly thing but do no damage.
The brown ugly thing is almost dead.
The brown ugly thing trunk-slaps you!
* * * LOW HITPOINT WARNING * * *
You are splashed with acid!
The acid burns!
You die...

#.######)).....#...## ##......#
.......#.......'....# #........
.......'.).....#.<..# #....<...
.......#.(.[...#....# #........
####...#.......###### #.......#
#.##...###'#####...## #.......#
..#.................# #.......'
..#................############'#
..#.............@..#....)........
..#..............u.'>............
..#....####'####'###.............
..##...##....#...................
..##...##....#...................
..##.........#......####'########
..#..........#......#............
..#).........#......#............
†.'..........#......#............


You could see a brown ugly thing.

Vanquished Creatures
  2 two-headed ogres (D:8)
  The ghost of Lysie the Chopper, an amateur MiFi of Okawaru (D:4)
  A hippogriff (D:7)
  A hungry ghost (D:4)
  Eustachio (D:5)
  3 phantoms
  2 sky beasts
  3 ice beasts
  5 ogres
  2 centaurs
  A crocodile (D:8)
  2 big kobolds
  A bullfrog (D:8)
  2 scorpions
  3 howler monkeys (D:7)
  3 crimson imps
  2 jellies
  A bullfrog skeleton (D:6)
  3 hounds
  A bullfrog zombie (D:7)
  3 orc priests
  A centaur skeleton (D:7)
  2 orc wizards (D:4)
  Jessica (D:2)
  Natasha (D:4)
  An iguana (D:6)
  2 worker ants
  2 hound skeletons (D:5)
  A howler monkey zombie (D:6)
  6 adders
  7 gnolls
  5 shadow imps
  An ooze (D:2)
  An adder skeleton (D:4)
  A worm (D:3)
  11 dart slugs
  4 leopard geckos
  16 orcs
  3 giant cockroaches
  4 goblins
  5 hobgoblins
  13 jackals
  4 quokkas
  A ball python (D:3)
  4 bats
  5 frilled lizards
  9 kobolds
  A quokka skeleton (D:4)
  3 rats
158 creatures vanquished.

Vanquished Creatures (others)
  A troll (D:7)
  An orc warrior (D:7)
  An ogre (D:7)
  A bullfrog (D:7)
  An adder (D:7)
  2 orcs (D:7)
  A kobold (D:2)
8 creatures vanquished.

Grand Total: 166 creatures vanquished

Notes
Turn   | Place    | Note
-------+----------+-------------------------------------------
     0 | D:1      | Lysie the Minotaur Fighter began the quest for the Orb.
     0 | D:1      | Reached XP level 1. HP: 19/19 MP: 0/0
   331 | D:1      | Reached XP level 2. HP: 26/26 MP: 1/1
   927 | D:2      | Reached XP level 3. HP: 31/31 MP: 2/2
  1027 | D:2      | You fall through a shaft for 2 floors!
  1027 | D:4      | Noticed an ogre
  1050 | D:4      | Killed an ogre
  1050 | D:4      | Reached XP level 4. HP: 37/39 MP: 3/3
  1125 | D:3      | Reached XP level 5. HP: 45/45 MP: 4/4
  1480 | D:2      | Noticed Jessica
  1482 | D:2      | Killed Jessica
  1499 | D:2      | Found a sparkling altar of Nemelex Xobeh.
  2164 | D:3      | Found a blossoming altar of Fedhas.
  2164 | D:3      | Found a basalt altar of Yredelemnul.
  2279 | D:4      | Found a shadowy altar of Dithmenos.
  2279 | D:4      | Noticed a phantom
  2308 | D:4      | Killed a phantom
  2308 | D:4      | Reached XP level 6. HP: 39/51 MP: 5/5
  2343 | D:4      | Noticed Natasha
  2347 | D:4      | Killed Natasha
  2401 | D:4      | Noticed Natasha
  2425 | D:5      | Entered Level 5 of the Dungeon
  2593 | D:4      | Noticed Lysie's ghost (amateur MiFi)
  2914 | D:4      | Reached skill level 4 in Shields
  2955 | D:4      | Killed Lysie's ghost
  2955 | D:4      | Reached skill level 1 in Dodging
  2955 | D:4      | Reached skill level 5 in Shields
  2955 | D:4      | Reached XP level 7. HP: 57/57 MP: 6/6
  3158 | D:4      | Reached skill level 6 in Shields
  3167 | D:4      | Noticed a hungry ghost
  3287 | D:4      | Killed a hungry ghost
  3287 | D:4      | Reached skill level 7 in Shields
  3287 | D:4      | Reached XP level 8. HP: 56/64 MP: 7/7
  3569 | D:5      | Noticed Eustachio
  3602 | D:5      | Killed Eustachio
  3651 | D:5      | Reached skill level 8 in Shields
  3776 | D:5      | Reached skill level 9 in Shields
  4191 | D:6      | Reached skill level 10 in Shields
  4274 | D:6      | Reached XP level 9. HP: 45/70 MP: 5/8
  4437 | D:7      | Killed a troll
  4465 | D:7      | Found a shattered altar of Ashenzari.
  4508 | D:7      | Reached skill level 5 in Dodging
  4685 | D:7      | Reached skill level 11 in Shields
  4812 | D:7      | Found a shimmering altar of Xom.
  4888 | D:7      | Found a staircase to the Ecumenical Temple.
  4895 | D:7      | Found a transporter.
  4897 | Temple   | Entered the Ecumenical Temple
  4982 | Temple   | Became a worshipper of Warmaster Okawaru
  5165 | D:7      | Found a roughly hewn altar of Beogh.
  5167 | D:7      | Noticed a troll
  5169 | D:7      | Noticed a troll
  5567 | D:8      | Found a glowing silver altar of Zin.
  5567 | D:8      | Found a shimmering altar of Xom.
  5567 | D:8      | Noticed an angel
  5571 | D:8      | Noticed a two-headed ogre
  5586 | D:8      | Reached skill level 12 in Shields
  5587 | D:8      | Killed a two-headed ogre
  5587 | D:8      | Reached * piety under Okawaru
  5587 | D:8      | Reached skill level 13 in Shields
  6076 | D:8      | Noticed a two-headed ogre
  6518 | D:8      | Killed a two-headed ogre
  6518 | D:8      | Reached ** piety under Okawaru
  6518 | D:8      | Reached XP level 10. HP: 36/77 MP: 9/9
  6962 | D:8      | Noticed a brown ugly thing
  6990 | D:8      | HP: 2/77 [brown ugly thing (8)]
  6990 | D:8      | Splashed by a brown ugly thing's acid

Skill      XL: |  1  2  3  4  5  6  7  8  9 |
---------------+----------------------------+-----
Axes           | 3 4 6 7 9 |  9.0
Shields        | 5 7 10 13 | 13.7
Dodging        | 1 2 4 6 |  6.6
Fighting       | |  3.6
Armour         | |  3.6

Action                   |  1- 3 |  4- 6 |  7- 9 | 10-12 || total
-------------------------+-------+-------+-------+-------++-------
Melee: War axe           |    75 |   115 |   313 |    34 ||   537
       Headbutt          |     9 |    13 |    56 |     8 ||    86
Throw: Javelin           |       |     1 |     4 |       ||     5
Evoke: Wand              |       |       |     2 |     1 ||     3
  Use: Potion            |     1 |     2 |     2 |       ||     5
       Scroll            |       |     7 |     8 |     1 ||    16
 Stab: Confused          |       |       |     1 |     1 ||     2
  Eat: Fruit             |       |     2 |     2 |       ||     4
       Chunk             |       |     2 |     1 |     3 ||     6
       Meat ration       |       |     1 |     1 |       ||     2
       Bread ration      |       |       |     2 |       ||     2
       Royal jelly       |       |       |     1 |       ||     1
Armor: Scale mail        |    46 |    33 |    62 |     5 ||   146
       Skin              |       |     7 |     3 |       ||    10
Dodge: Dodged            |    26 |    30 |    98 |     9 ||   163
Block: Shield            |    47 |    50 |   164 |    13 ||   274
